 Dungeon Crawl Stone Soup version 0.31-a0-236-g9a0961fb85 (webtiles) character file.

Game seed: 5301048414477250073

978 cforsyth the Trooper (level 8, -4/87 HPs)
             Began as an Ogre Transmuter on July 10, 2023.
             Engulfed by a steam dragon's steam (6 damage)
             ... on level 5 of the Dungeon.
             The game lasted 00:09:51 (4849 turns).

cforsyth the Trooper (Ogre Transmuter)              Turns: 4849, Time: 00:09:51

Health: -4/87      AC:  3    Str: 19    XL:     8   Next: 17%
Magic:  11/11      EV: 10    Int: 16    God:
Gold:   173        SH:  0    Dex:  9    Spells: 5/11 levels left

rFire   . . .        m - +8 whip of Fate {flame, rN+ Str+4}
rCold   . . .        (no shield)
rNeg    + . .        a - +0 robe
rPois   .            (helmet currently unavailable)
rElec   .            (no cloak)
rCorr   .            (gloves unavailable)
SInv    +            (boots unavailable)
Will    +....        (no amulet)
Stlth   +            l - ring of see invisible
HPRegen 0.34/turn    (no ring)
MPRegen 0.12/turn

%: no passive effects
@: mighty, appendages, enlightened, flying
A: horns 2, talons 2, large, unfitting armour, tough skin 1
a: End Transformation


You were on level 5 of the Dungeon.
You had temporarily grown beastly horns and talons.
You visited 1 branch of the dungeon, and saw 5 of its levels.
You also visited: Sewer.

You collected 173 gold pieces.

Inventory:

Hand Weapons
 m - the +8 whip of Fate (weapon) {flame, rN+ Str+4}
   (You found it on level 2 of the Dungeon)

   Str:       It affects your strength (+4).
   rN:        It protects you from negative energy.
 t - the +8 short sword "Desowuuss" {heavy, rF+ Will+}
   (You found it on level 4 of the Dungeon)

   rF:        It protects you from fire.
   Will:      It increases your willpower.
 w - the +5 hand axe "Cafadod" {holy, rCorr MP-9 Int+6 Dex+3}
   (You found it on level 5 of the Dungeon)

   Int:       It affects your intelligence (+6).
   Dex:       It affects your dexterity (+3).
   MP:        It affects your magic capacity (-9).
   rCorr:     It protects you from acid and corrosion.
Missiles
 r - a throwing net
Armour
 a - a +0 robe (worn)
Jewellery
 l - a ring of see invisible (left hand)
Wands
 s - a wand of acid (8)
 u - a wand of charming (10)
Scrolls
 c - 2 scrolls of brand weapon {unknown}
 e - 4 scrolls of teleportation {unknown}
 h - a scroll of silence {unknown}
 i - 6 scrolls of identify
 j - 3 scrolls of fear {unknown}
Potions
 b - 5 potions of lignification
 d - a potion of enlightenment
 f - 4 potions of curing
 g - a potion of might
 k - a potion of mutation {unknown}
 n - a potion of heal wounds {unknown}
 o - a potion of ambrosia {unknown}
 p - a potion of resistance {unknown}
 q - a potion of invisibility {unknown}
 v - a potion of cancellation {unknown}


   Skills:
 + Level 7.1 Fighting
 + Level 5.0 Dodging
 + Level 5.4 Unarmed Combat
 - Level 2.4 Spellcasting
 - Level 1.7 Transmutations


You had 5 spell levels left.
You knew the following spells:

 Your Spells              Type           Power      Damage    Failure   Level
a - Beastly Appendage     Tmut           14%        N/A       10%         1
b - Wereblood             Tmut           7%         N/A       14%         2
c - Spider Form           Tmut/Pois      4%         N/A       38%         3

Your spell library contained the following spells:

 Spells                   Type           Power      Damage    Failure   Level
 Ice Form                 Ice/Tmut       4%         N/A       80%         4


Dungeon Overview and Level Annotations

Branches:
Dungeon (5/15)              Sewer (visited)
 Temple: D:4-7

Altars:
Nemelex Xobeh
Wu Jian


Innate Abilities, Weirdness & Mutations

You have temporarily grown beastly horns and talons.
You are too large for most types of armour.
You have tough skin. (AC +1)


Message History

The fungus is engulfed in a cloud of scalding steam.
A nearby fungus withers and dies.
The steam dragon bites you but does no damage.
The steam dragon barely misses you.
You closely miss the steam dragon. Your kick misses the steam dragon.
Your headbutt misses the steam dragon.
A nearby fungus withers and dies.
The fungus is engulfed in a cloud of scalding steam.
The fungus begins to die.
A nearby fungus withers and dies. x2
The steam dragon bites you! The steam dragon claws you.
The steam dragon breathes steam at you. The ball of steam hits you!
You are too injured to fight recklessly!
You are too injured to fight recklessly!
You are too injured to fight recklessly!
You are too injured to fight recklessly!
You are too injured to fight recklessly!
As you read the scroll labelled MAUDERHISEMM, it crumbles to dust.
It is a scroll of identify.
f - 4 potions of curing You are engulfed in a cloud of scalding steam.
* * * LOW HITPOINT WARNING * * *
The steam dragon bites you but does no damage.
The steam dragon claws you.
* * * LOW HITPOINT WARNING * * *
The steam dragon bites you!
* * * LOW HITPOINT WARNING * * *
The steam dragon claws you but does no damage.
It was a potion of enlightenment.
You feel very buoyant.
You fly up into the air.
A nearby fungus withers and dies.
The steam dragon closely misses you. The steam dragon claws you.
* * * LOW HITPOINT WARNING * * *
The steam dragon bites you.
* * * LOW HITPOINT WARNING * * *
The steam dragon claws you.
* * * LOW HITPOINT WARNING * * *
It was a potion of might.
You feel very mighty all of a sudden.
You are engulfed in a cloud of scalding steam.
You die...

#.##.........# #.## #. #.
#.#......##..P###..# #. #.
#.#.#...##.~..P~##.# #. ..
#.#<#.#.#.P....~##.# #[
#.###.#.#P.....P.#.# #. #.#
#.#.#~~.....~#.# #.
#.###.#.##P~..§~##.# ######.
#........##~DD§≈#..# #......
#####.######.@§##.## #......
#......#~.~#..# #......
.###########.#§§~#.## #######'
........# #.#~..#.# ........
........# #.#...#.# ........
........# #.#P.P#.# ........
........####.#..##.# ######..
........'....#..#..###########..
........######P.#.##.........#..


You could see 2 steam dragons.

Vanquished Creatures
  An ice beast (D:5)
  An ogre (D:5)
  A phantom (D:4)
  3 kobold brigands (Sewer)
  2 jellies
  2 hounds
  An orc wizard (D:4)
  2 iguanas
  7 gnolls
  12 adders
  3 river rats (Sewer)
  A white imp (D:5)
  6 worms
  2 dart slugs
  4 orcs (D:4)
  13 ball pythons
  7 endoplasms
  7 giant cockroaches
  5 goblins
  9 hobgoblins
  12 kobolds
  3 quokkas
  4 bats
  5 frilled lizards
  10 rats
123 creatures vanquished.

Notes
Turn   | Place    | Note
-------+----------+-------------------------------------------
     0 | D:1      | cforsyth the Ogre Transmuter began the quest for the Orb.
     0 | D:1      | Reached XP level 1. HP: 19/19 MP: 3/3
   182 | D:1      | Reached XP level 2. HP: 28/28 MP: 1/5
   227 | D:1      | Reached skill level 2 in Fighting
   360 | D:1      | Reached XP level 3. HP: 36/36 MP: 3/6
   641 | D:2      | Found a sparkling altar of Nemelex Xobeh.
   726 | D:2      | Reached skill level 3 in Fighting
   863 | D:2      | Reached XP level 4. HP: 42/45 MP: 5/7
   969 | D:2      | Found a faded altar of an unknown god.
   989 | D:2      | Identified the +8 whip of Fate {flame, rN+ Str+4}
  1486 | D:3      | Reached XP level 5. HP: 39/54 MP: 6/8
  1539 | D:3      | Found a glowing drain.
  1554 | D:3      | Reached skill level 4 in Fighting
  1564 | Sewer    | Entered a sewer
  1590 | Sewer    | Noticed a kobold brigand
  1590 | Sewer    | Noticed a kobold brigand
  1619 | Sewer    | Killed a kobold brigand
  1624 | Sewer    | Killed a kobold brigand
  1625 | Sewer    | Reached XP level 6. HP: 65/65 MP: 9/9
  1714 | Sewer    | Reached skill level 5 in Fighting
  2336 | D:3      | Reached XP level 7. HP: 66/72 MP: 8/10
  2494 | D:3      | Found an ornate altar of the Wu Jian Council.
  3193 | D:4      | Reached skill level 6 in Fighting
  3442 | D:4      | Identified the +8 short sword "Desowuuss" {heavy, rF+
                  | Will+}
  3959 | D:5      | Entered Level 5 of the Dungeon
  3969 | D:5      | Reached skill level 5 in Unarmed Combat
  4491 | D:5      | Identified the +5 hand axe "Cafadod" {holy, rCorr MP-9
                  | Int+6 Dex+3}
  4622 | D:5      | Reached XP level 8. HP: 62/84 MP: 11/11
  4625 | D:5      | Learned a level 2 spell: Wereblood
  4629 | D:5      | Learned a level 3 spell: Spider Form
  4707 | D:5      | Reached skill level 7 in Fighting
  4707 | D:5      | Reached skill level 5 in Dodging
  4848 | D:5      | HP: 4/87 [steam dragon (2)]
  4849 | D:5      | Engulfed by a steam dragon's steam

Illustrated notes

Levels and vault maps discovered:
D:1:      minmay_arrival_loop, layout_rooms, minmay_misc_feat_encased
D:2:      layout_loops_cross, hellmonk_ecumenical_altar_leap_of_faith,
          basic_altar, minmay_misc_feat_secret_circle
D:3:      layout_loops_ring, nicolae_overflow_crystal_walls,
          gup_sewer_entry_glass
D:4:      layout_cave_pods
D:5:      kennysheep_steamy, layout_basic

Skill      XL: |  1  2  3  4  5  6  7  8 |
---------------+-------------------------+-----
Dodging        | 2 3 4 5 |  5.0
Fighting       | 2 3 4 5 6 7 |  7.1
Unarmed Combat | 3 4 5 |  5.4
Spellcasting   | |  2.4
Transmutations | |  1.7

Action                     |  1- 3 |  4- 6 |  7- 9 || total
---------------------------+-------+-------+-------++-------
  Melee: Unarmed           |   100 |    13 |       ||   113
         Kick              |    17 |    14 |    15 ||    46
         Headbutt          |    12 |     9 |     9 ||    30
         Punch             |     2 |       |     1 ||     3
         Whip              |       |   104 |    98 ||   202
   Cast: Beastly Appendage |    22 |    29 |    27 ||    78
    Use: Potion            |       |     1 |     2 ||     3
         Scroll            |       |       |     1 ||     1
 Armour: Robe              |    25 |    20 |    18 ||    63
         Skin              |       |    25 |       ||    25
  Dodge: Dodged            |    53 |    45 |    47 ||   145

Table legend: (Time is in decaauts)
 A = Elapsed time spent in this place.
 B = Non-inter-level travel time spent in this place.
 C = Inter-level travel time spent in this place.
 D = Time resting spent in this place.
 E = Time spent auto-exploring this place.
 F = Levels seen in this place.
 G = Mean time per level.
                   A        B        C        D        E       F      G
               +--------+--------+--------+--------+--------+-----+--------+
         Total |   4858 |   4683 |    175 |     51 |   3710 |   6 |  809.7 |
       Dungeon |   4117 |   3942 |    175 |     37 |   3181 |   5 |  823.4 |
         Sewer |    740 |    740 |      0 |     14 |    529 |   1 |  740.0 |
               +--------+--------+--------+--------+--------+-----+--------+

Top non-repeatable levels by time:
     D:4: 1001 daAuts
     D:5: 894 daAuts
     D:3: 833 daAuts
     D:2: 751 daAuts
   Sewer: 740 daAuts
     D:1: 636 daAuts
